Map: [ESL] Altitude

Players

Spirit

  • Race: Terran Terran

Astrea - Winner!

  • Race: Protoss Protoss
  • League: Diamond

Event: IEM Katowice 2023

VOD

Have the link to the VOD?

Description

Time

  • Played on: Feb. 10, 2023, 5:45 a.m.
  • Length: 23:52

All games in this series

Show
View Real Time Build Order
Export as new Build Order

Spirit Terran 

Build Orders:  

Get SALT Encoding   

  12  0:00  SCV  
  13  0:12  SCV  
  14  0:17  Supply Depot  
  14  0:24  SCV  
  15  0:39  SCV  
  15  0:40  Barracks  
  16  0:45  Refinery  
  16  0:51  SCV  
  17  1:03  SCV  
  18  1:15  SCV  
  19  1:27  Marine  
  19  1:28  Orbital Command  
  20  1:42  Command Center  
  20  1:54  Factory  
  20  1:57  SCV  
  21  2:05  Barracks Reactor  
  21  2:07  Supply Depot  
  21  2:10  SCV  
  21  2:14  Refinery  
  22  2:23  SCV  
  23  2:35  SCV  
  24  2:41  Starport  
  24  2:46  Hellion x2  
  24  2:47  SCV  
  24  2:48  Marine  
  30  2:56  Orbital Command  
  30  3:07  Hellion x2  
  30  3:10  Marine  
  35  3:18  Medivac  
  35  3:19  SCV  
  39  3:28  Supply Depot  
  39  3:31  SCV  
  39  3:32  Widow Mine  
  39  3:33  Widow Mine  
  43  3:35  SCV  
  44  3:43  SCV  
  44  3:47  SCV  
  46  3:49  Medivac  
  46  3:53  Armory  
  48  3:55  SCV  
  48  3:56  Widow Mine  
  48  3:58  Widow Mine  
  48  3:59  Barracks Tech Lab  
  53  4:04  Supply Depot  
  53  4:06  SCV  
  54  4:15  Supply Depot  
  54  4:25  SCV x2  
  54  4:34  Starport Tech Lab  
  54  4:35  Marine, Bunker  
  54  4:37  Marine, SCV x2  
  61  4:38  Siege Tank  
  61  4:45  Supply Depot  
  61  4:48  Barracks  
  61  4:49  SCV x2  
  63  4:53  Marine  
  63  4:58  Marine  
  65  5:01  SCV x2  
  65  5:11  Marine  
  65  5:13  SCV x2  
  64  5:16  Marine  
  65  5:25  SCV x2  
  65  5:27  Command Center  
  65  5:29  Marine  
  65  5:30  Raven  
  65  5:31  Siege Tank  
  69  5:36  Marine  
  69  5:37  SCV x2, Barracks Tech Lab, Refinery  
  69  5:38  Refinery  
  72  5:45  Barracks  
  72  5:49  SCV x2  
  74  5:52  Engineering Bay x2  
  74  5:56  Supply Depot  
  74  6:01  SCV  
  74  6:04  Marine, Stimpack  
  67  6:06  SCV  
  69  6:14  Barracks, SCV  
  69  6:15  Barracks, Starport Reactor  
  69  6:17  Siege Tank  
  69  6:18  SCV, Supply Depot  
  74  6:23  Terran Infantry Weapons Level 1  
  74  6:26  Marine x3, SCV  
  74  6:30  Terran Infantry Armor Level 1, SCV  
  79  6:38  SCV  
  80  6:42  SCV  
  80  6:44  Marine x3, Supply Depot  
  80  6:46  Supply Depot  
  84  6:48  Combat Shield  
  84  6:50  SCV  
  84  6:53  Marine  
  86  6:54  SCV  
  86  6:57  Siege Tank  
  90  7:02  Marine, SCV, Supply Depot  
  90  7:04  Barracks Reactor  
  90  7:05  Barracks Tech Lab  
  90  7:06  SCV  
  90  7:07  Orbital Command  
  93  7:14  Viking, SCV  
  96  7:18  Medivac, SCV  
  99  7:24  Concussive Shells  
  99  7:25  Marine  
  99  7:26  SCV, Marauder x2  
  99  7:27  Marine  
  99  7:28  Marauder  
  108  7:31  SCV, Refinery  
  108  7:32  Bunker  
  108  7:35  SCV  
  110  7:37  Bunker  
  110  7:38  SCV  
  110  7:43  Bunker, SCV  
  112  7:45  Supply Depot  
  112  7:46  Supply Depot  
  112  7:47  SCV  
  112  7:48  Ghost Academy  
  112  7:49  Marauder  
  112  7:50  SCV  
  118  7:51  Marauder  
  118  7:56  SCV  
  118  7:57  Refinery  
  118  7:58  Medivac x2  
  123  8:05  Supply Depot  
  124  8:09  Siege Tank, Marine  
  124  8:10  Marauder  
  130  8:14  Supply Depot  
  130  8:15  Command Center  
  128  8:21  Marine x2  
  128  8:22  Marine x3, Sensor Tower  
  128  8:25  Terran Infantry Weapons Level 2  
  133  8:27  Marine  
  133  8:29  Missile Turret  
  134  8:35  Terran Infantry Armor Level 2  
  134  8:37  Marine  
  134  8:38  Supply Depot, Missile Turret  
  134  8:40  Marine  
  134  8:41  Marauder x2  
  140  8:47  Marine x2  
  142  8:50  Terran Vehicle Weapons Level 1  
  144  8:55  Marauder  
  144  8:56  SCV x2, Supply Depot, Missile Turret  
  144  8:57  SCV  
  144  8:59  Medivac  
  144  9:02  Marauder  
  151  9:03  Medivac  
  151  9:08  Ghost  
  155  9:16  Ghost  
  157  9:24  Siege Tank  
  157  9:30  Ghost  
  157  9:31  Marine x4  
  164  9:34  SCV x2, Command Center  
  164  9:37  Marauder  
  170  9:42  SCV  
  170  9:45  Marine  
  171  9:48  Marine  
  171  9:49  Marine  
  174  9:53  Barracks  
  174  9:55  Barracks, SCV  
  174  9:57  Ghost, Barracks  
  174  9:59  Ghost  
  179  10:01  Marine  
  179  10:03  Planetary Fortress, Ghost  
  179  10:04  Marine  
  179  10:06  Marine  
  184  10:08  Refinery  
  184  10:09  Refinery  
  184  10:10  Marine  
  184  10:11  SCV x2  
  184  10:12  SCV  
  186  10:19  Marine  
  186  10:21  Siege Tank  
  188  10:23  SCV  
  188  10:24  Missile Turret  
  188  10:27  Sensor Tower  
  178  10:28  SCV  
  178  10:32  Marine, Marauder  
  180  10:37  Viking  
  180  10:42  SCV  
  183  10:50  SCV  
  183  10:53  Siege Tank  
  183  10:54  SCV  
  178  11:02  SCV  
  158  11:04  Orbital Command  
  158  11:06  SCV  
  158  11:07  Ghost x2  
  158  11:08  Marine  
  164  11:14  SCV  
  164  11:16  Marine, Marauder  
  164  11:17  Marine  
  169  11:18  SCV  
  169  11:25  Siege Tank  
  173  11:26  SCV  
  173  11:30  Marine, SCV  
  173  11:32  Marine  
  169  11:36  Ghost  
  169  11:37  Marine, Marauder  
  169  11:38  Marauder, SCV x2  
  169  11:39  Marine  
  163  11:41  Medivac  
  163  11:45  SCV  
  161  11:50  SCV  
  161  11:51  Refinery  
  161  11:53  Missile Turret  
  162  11:57  Siege Tank  
  162  11:58  Marine, Marauder  
  162  11:59  Marauder  
  161  12:02  Planetary Fortress  
  161  12:05  Marauder  
  161  12:08  Marine  
  156  12:09  Orbital Command  
  156  12:11  Marine  
  156  12:13  SCV  
  156  12:14  SCV  
  157  12:20  Marauder  
  157  12:21  Marauder  
  160  12:26  SCV x2  
  160  12:28  Marine  
  160  12:29  Marine, Marauder  
  166  12:30  Barracks Tech Lab  
  166  12:36  Marine  
  165  12:37  Barracks Tech Lab  
  165  12:38  SCV  
  165  12:41  Marauder  
  165  12:42  Marauder  
  168  12:47  Marine, Sensor Tower  
  168  12:50  Marauder  
  162  12:55  Ghost  
  162  12:56  Marine  
  154  12:59  Ghost  
  154  13:01  Sensor Tower, Refinery  
  154  13:02  Marauder, Refinery  
  154  13:03  Marauder, SCV x2  
  154  13:04  Refinery  
  162  13:06  Viking  
  162  13:11  Ghost  
  164  13:14  Marine, Viking  
  164  13:17  Sensor Tower  
  164  13:19  Marine  
  167  13:25  Marine  
  167  13:27  Marine  
  174  13:33  Barracks Tech Lab  
  178  13:37  SCV  
  178  13:38  Missile Turret  
  179  13:42  Supply Depot  
  179  13:43  Supply Depot, Terran Infantry Weapons Level 3  
  179  13:46  Viking x2, SCV  
  179  13:47  Marauder x2  
  179  13:54  Marauder x3  
  178  13:57  Marine  
  178  13:58  Marauder  
  178  14:03  Marine  
  178  14:09  Marauder x2  
  154  14:32  Marine x5  
  154  14:33  Marauder x2  
  154  14:35  SCV  
  148  14:40  SCV  
  148  14:42  Marauder  
  148  14:43  Marauder  
  148  14:49  Supply Depot  
  148  14:51  Supply Depot  
  148  14:52  Supply Depot  
  148  14:56  Starport  
  148  15:01  Orbital Command  
  148  15:10  Ghost x4  
  148  15:12  Ghost, Liberator x2  
  148  15:13  Marine  
  165  15:15  Sensor Tower  
  165  15:22  SCV  
  156  15:28  Marine  
  156  15:29  Marine  
  156  15:30  Marine  
  156  15:31  Marauder  
  156  15:33  Orbital Command  
  156  15:34  SCV  
  162  15:36  Marine  
  162  15:40  Marauder x2  
  166  15:46  SCV  
  166  15:48  Starport Reactor  
  167  15:53  Supply Depot  
  167  15:55  Marine, Medivac x2  
  172  15:57  Sensor Tower  
  172  16:04  Marine, Marauder, SCV  
  172  16:06  Marine  
  170  16:17  Marine  
  165  16:18  Marauder  
  165  16:23  Orbital Command  
  165  16:25  Medivac x2  
  163  16:26  Marauder  
  165  16:45  Marine  
  165  16:46  Marauder  
  165  16:49  Marine, Marauder  
  165  16:52  Marine x2  
  165  16:56  Medivac x4  
  165  17:31  Marine  
  165  17:32  Marine x3  
  165  17:33  Marine x3  
  165  17:34  Orbital Command  
  165  17:36  Ghost, Marauder  
  165  17:42  Marauder  
  165  17:44  Supply Depot  
  164  17:45  Siege Tank, Supply Depot  
  164  17:50  Marine x2, Marauder  
  157  17:52  Marine  
  157  17:54  Marine  
  157  18:00  Marauder  
  157  18:01  Marine  
  162  18:05  Marauder x3  
  162  18:08  Marauder  
  162  18:09  Marine  
  162  18:11  Marauder  
  164  18:13  Marine  
  164  18:19  SCV  
  166  18:21  Marine, Marauder  
  166  18:22  Marine  
  172  18:27  Marine, Marauder  
  172  18:31  Supply Depot  
  173  18:34  Supply Depot  
  173  18:44  Marine  
  173  18:45  Marine  
  173  18:48  Orbital Command, SCV  
  173  18:51  Marine  
  173  18:53  Marauder x3  
  178  19:00  SCV  
  175  19:03  Marine  
  175  19:07  Marine, Marauder  
  179  19:12  Viking, SCV  
  179  19:13  Supply Depot  
  179  19:16  Marine  
  181  19:20  Marine  
  181  19:21  Marauder  
  184  19:25  Marine  
  184  19:26  Marauder  
  184  19:30  Marine  
  177  19:32  Marine  
  174  19:41  Marine  
  174  19:43  Marine  
  174  19:44  Marauder  
  167  19:50  Orbital Command  
  165  19:55  Marine x7  
  165  19:59  Marine  
  156  20:01  Marine  
  139  20:07  Marine  
  139  20:13  Marine x7  
  147  20:17  Marine  
  147  20:19  Marine  
  149  20:25  Marauder  
  149  20:31  Marine x4  
  149  20:32  Marine  
  149  20:33  Marine  
  151  20:40  Marine  
  151  20:41  Marauder  
  153  20:43  Marine  
  153  20:46  Marine  
  155  20:50  Marauder  
  155  20:55  Marine  
  149  20:58  Marine  
  149  21:01  Ghost  
  149  21:07  Ghost  
  149  21:18  Ghost  
  149  21:20  Marine x3  
  153  21:41  Ghost  
  153  21:44  Orbital Command  
  153  21:45  Ghost  
  151  21:49  Ghost  
  138  21:58  Marine  
  119  22:08  Marine  
  119  22:15  Marine  
  116  22:18  Marine  
  117  22:24  Marine  
  117  22:29  Marine  
  106  22:38  Marine  
  106  22:40  Marine  
  103  22:48  Marine  
  103  22:55  Marauder  
  105  23:01  Marine  
  103  23:15  Marine  
  87  23:31  Marine x3  
Show
View Real Time Build Order
Export as new Build Order

Astrea Protoss - Winner!

Build Orders: 1 Gate Expand, Phoenix Opening 

Get SALT Encoding   

  12  0:00  Probe  
  13  0:12  Probe  
  14  0:17  Pylon  
  14  0:24  Probe (Chrono Boost)  
  16  0:36  Gateway  
  16  0:37  Probe (Chrono Boost)  
  16  0:43  Probe (Chrono Boost)  
  16  0:45  Assimilator  
  17  0:51  Probe  
  18  1:03  Probe  
  19  1:15  Probe  
  20  1:24  Nexus  
  20  1:35  Cybernetics Core  
  20  1:39  Probe  
  21  1:43  Assimilator  
  21  1:51  Probe  
  22  1:54  Pylon  
  22  2:02  Probe  
  23  2:10  Probe  
  23  2:11  Sentry (Chrono Boost)  
  23  2:12  Warp Gate  
  26  2:18  Probe  
  26  2:19  Forge  
  27  2:26  Stalker (Chrono Boost)  
  29  2:31  Probe  
  29  2:34  Phoenix  
  29  2:36  Probe  
  32  2:44  Probe (Chrono Boost)  
  32  2:48  Probe (Chrono Boost), Protoss Ground Armor Level 1 (Chrono Boost)  
  33  2:58  Stalker  
  37  2:59  Probe (Chrono Boost)  
  37  3:01  Probe (Chrono Boost)  
  37  3:04  Probe (Chrono Boost)  
  37  3:07  Probe  
  37  3:08  Gateway  
  39  3:14  Probe  
  39  3:19  Probe  
  41  3:26  Probe  
  42  3:34  Nexus  
  43  3:38  Probe  
  43  3:42  Pylon, Probe  
  43  3:46  Photon Cannon  
  44  3:50  Pylon, Probe  
  44  3:54  Probe  
  46  4:00  Photon Cannon  
  47  4:02  Probe  
  47  4:04  Stalker  
  47  4:06  Probe  
  50  4:12  Phoenix  
  50  4:14  Robotics Facility, Probe  
  51  4:18  Probe  
  51  4:22  Stalker  
  54  4:27  Probe  
  54  4:30  Probe  
  55  4:33  Pylon  
  55  4:38  Twilight Council  
  55  4:39  Probe  
  55  4:42  Probe  
  57  4:45  Probe  
  57  4:51  Protoss Ground Weapons Level 1 (Chrono Boost), Probe  
  59  4:54  Photon Cannon, Probe  
  59  4:57  Probe  
  61  5:00  Stalker x2  
  61  5:03  Probe  
  61  5:07  Probe  
  65  5:14  Probe  
  61  5:15  Probe  
  61  5:21  Probe (Chrono Boost)  
  63  5:26  Probe (Chrono Boost)  
  63  5:27  Probe (Chrono Boost)  
  65  5:29  Assimilator  
  65  5:30  Assimilator  
  65  5:33  Probe (Chrono Boost)  
  65  5:35  Blink (Chrono Boost)  
  66  5:38  Probe (Chrono Boost)  
  66  5:39  Probe (Chrono Boost)  
  66  5:40  Pylon  
  66  5:41  Probe (Chrono Boost)  
  69  5:43  Probe (Chrono Boost)  
  69  5:44  Probe (Chrono Boost)  
  69  5:47  Probe  
  72  5:51  Gateway  
  72  5:52  Probe  
  72  5:53  Gateway  
  72  5:54  Probe, Observer  
  72  5:55  Gateway  
  75  5:59  Probe  
  75  6:01  Gateway x2  
  76  6:04  Assimilator x2, Probe  
  76  6:06  Probe  
  76  6:09  Robotics Bay  
  78  6:11  Probe  
  78  6:13  Pylon  
  78  6:16  Probe  
  78  6:18  Probe  
  81  6:19  Observer  
  81  6:23  Gateway  
  81  6:24  Probe  
  83  6:27  Pylon  
  83  6:33  Zealot x2  
  83  6:35  Pylon  
  83  6:38  Protoss Ground Weapons Level 2 (Chrono Boost)  
  87  6:53  Colossus (Chrono Boost), Probe  
  87  6:54  Probe  
  87  6:55  Nexus  
  87  7:00  Extended Thermal Lance  
  92  7:04  Zealot x6  
  104  7:10  Pylon  
  104  7:15  Pylon  
  104  7:19  Probe x2  
  104  7:21  Forge  
  104  7:22  Templar Archives  
  104  7:30  Colossus (Chrono Boost)  
  104  7:33  Charge (Chrono Boost)  
  104  7:42  Zealot x6  
  122  7:51  Pylon  
  122  7:52  Pylon  
  122  7:56  Robotics Facility  
  122  8:03  Probe x2  
  122  8:04  Probe  
  125  8:10  Observer  
  125  8:13  Stalker x8  
  125  8:17  Warp Prism (Chrono Boost)  
  143  8:30  Pylon, Probe  
  143  8:31  Probe x3  
  143  8:32  Pylon  
  147  8:36  High Templar x3  
  147  8:37  High Templar, Zealot x2  
  147  8:38  Protoss Ground Weapons Level 3 (Chrono Boost), Zealot  
  161  8:42  Archon x2  
  161  8:45  Forge  
  161  8:47  Probe x2  
  161  8:49  Probe  
  161  8:53  Protoss Ground Armor Level 2 (Chrono Boost)  
  162  9:01  Pylon x2  
  162  9:04  Observer  
  162  9:06  Zealot x4  
  162  9:07  Gravitic Drive (Chrono Boost)  
  170  9:15  Zealot x3, Disruptor (Chrono Boost)  
  170  9:16  Zealot, Disruptor (Chrono Boost)  
  183  9:30  Gateway  
  183  9:31  Gateway  
  183  9:33  Pylon  
  182  9:41  Disruptor (Chrono Boost)  
  188  9:50  Nexus, Disruptor (Chrono Boost)  
  188  9:51  Photon Cannon, Observer  
  188  9:54  Pylon  
  180  10:10  Disruptor (Chrono Boost)  
  181  10:19  Zealot x8  
  190  10:27  Disruptor (Chrono Boost)  
  184  10:43  Stalker x8  
  198  11:00  Observer  
  196  11:14  Gateway  
  196  11:16  Gateway, Zealot  
  196  11:17  Zealot  
  200  11:22  Protoss Shields Level 1 (Chrono Boost)  
  200  11:28  Protoss Ground Armor Level 3 (Chrono Boost)  
  164  11:37  Disruptor (Chrono Boost)  
  142  11:41  Probe  
  142  11:42  Probe x3  
  142  11:43  Zealot x4  
  142  11:44  Zealot x6  
  142  11:46  Disruptor (Chrono Boost)  
  164  11:53  Probe  
  157  12:01  Nexus  
  157  12:02  Stargate  
  157  12:04  Disruptor (Chrono Boost)  
  160  12:08  Zealot x2  
  160  12:09  Zealot x9  
  160  12:11  Disruptor (Chrono Boost)  
  185  12:25  Pylon  
  185  12:30  Pylon  
  185  12:34  Photon Cannon  
  185  12:35  Robotics Facility  
  185  12:36  Observer  
  186  12:39  Pylon  
  186  12:40  Zealot x5, Disruptor  
  199  12:48  Protoss Air Weapons Level 1 (Chrono Boost)  
  199  12:51  Fleet Beacon  
  189  12:52  Stargate  
  189  12:57  Disruptor  
  178  13:05  Zealot x8  
  194  13:09  Probe x4  
  198  13:15  Disruptor  
  198  13:16  Probe  
  190  13:21  Probe x4  
  190  13:22  Disruptor  
  197  13:28  Probe  
  197  13:33  Probe  
  199  13:35  Protoss Shields Level 2 (Chrono Boost)  
  199  13:38  Dark Shrine  
  199  13:40  Cybernetics Core  
  199  13:49  Nexus  
  193  14:12  Probe x2  
  193  14:13  Probe x2  
  193  14:15  Pylon  
  163  14:24  Probe  
  163  14:25  Zealot x10, Probe x2  
  163  14:28  Probe  
  162  14:32  Phoenix (Chrono Boost)  
  150  14:46  Zealot x4  
  150  14:47  Zealot x6  
  150  14:50  Observer  
  170  14:54  Nexus  
  170  14:57  Observer  
  175  15:00  Probe (Chrono Boost)  
  175  15:01  Pylon  
  175  15:05  Probe x2 (Chrono Boost)  
  175  15:06  Photon Cannon  
  175  15:07  Disruptor  
  178  15:16  Probe  
  179  15:21  Photon Cannon  
  179  15:22  Zealot x2  
  179  15:23  Zealot x3  
  189  15:36  Disruptor x2  
  193  15:46  Pylon  
  193  15:47  Disruptor  
  196  15:51  Zealot x2  
  198  16:04  Nexus  
  191  16:12  Disruptor  
  186  16:25  Stalker x6  
  172  16:33  Tempest  
  172  16:35  Tempest  
  172  16:38  Stalker x3  
  173  16:44  Stalker x2  
  170  16:52  Disruptor x2  
  170  16:59  Probe x4  
  170  17:00  Probe x2  
  175  17:05  Disruptor  
  178  17:20  Tempest  
  183  17:24  Tempest  
  183  17:29  Zealot x6  
  194  17:40  Zealot x5  
  171  18:03  Tempest  
  171  18:04  Probe x5  
  171  18:05  Probe  
  177  18:16  Probe  
  178  18:22  Colossus (Chrono Boost)  
  178  18:24  High Templar x4  
  198  18:28  Archon x2  
  198  18:29  Shadow Stride (Chrono Boost)  
  198  18:32  Colossus (Chrono Boost)  
  196  18:52  Dark Templar  
  196  18:53  Dark Templar x3  
  181  19:53  Zealot x10  
  197  20:01  Disruptor x2 (Chrono Boost)  
  183  20:16  Disruptor (Chrono Boost)  
  183  20:26  Stalker x8  
  197  20:35  Disruptor  
  198  20:47  Assimilator  
  198  20:48  Assimilator  
  198  20:49  Assimilator  
  198  20:50  Assimilator  
  198  20:52  Nexus  
  196  21:01  Disruptor  
  195  21:09  Pylon  
  195  21:11  Pylon  
  195  21:12  Nexus  
  195  21:14  Assimilator  
  195  21:19  Assimilator  
  182  22:05  Zealot x10  
  190  22:34  Disruptor  
  184  22:47  Assimilator  
  184  22:48  Assimilator  
  182  22:52  Pylon  
  182  22:55  Zealot x11  
  196  23:05  Disruptor  
  189  23:16  Zealot  
  189  23:17  Zealot x8  
  171  23:34  Zealot x2  
  181  23:42  Nexus  

Tags
 
Add a new tag
Caveats
  • Supply blocks, unpowered buildings, or Contaminate may cause inaccurate times.
  • Supply counts are checked every 10 seconds.